 Dungeon Crawl Stone Soup version 0.30.0-5-g1a98f26d00 (webtiles) character file.

Game seed: 10325257522025119304

43 SnakkuSnakku7 the Firebug (level 3, -1/18 HPs)
             Began as a Vine Stalker Fire Elementalist on May 13, 2023.
             Killed by divine providence
             ... invoked by an orc priest
              (12 damage)
             ... on level 2 of the Dungeon.
             The game lasted 00:01:46 (1506 turns).

SnakkuSnakku7 the Firebug (VSFE)                    Turns: 1506, Time: 00:01:47

Health: -1/18      AC:  5    Str: 12    XL:     3   Next: 58%
Magic:  0/7        EV: 10    Int: 15    God:
Gold:   44         SH:  0    Dex: 14    Spells: 5/6 levels left

rFire   . .          .
                       - Unarmed
rCold   . . .        (no shield)
rNeg    . . .        f - +0 ring mail
rPois   .            (no helmet)
rElec   .            (no cloak)
rCorr   .            (no gloves)
SInv    .            (no boots)
Will    .....        (no amulet)
Stlth   +            (no ring)
HPRegen 0.23/turn    (no ring)
MPRegen 0.10/turn

%: guardian spirit
@: no status effects
A: fangs 2, magic shield, antimagic bite, no potion heal 2
a: no special abilities


You were on level 2 of the Dungeon.
You visited 1 branch of the dungeon, and saw 3 of its levels.

You collected 44 gold pieces.

Inventory:

Armour
 a - a +0 robe
 f - a +0 ring mail (worn)
Jewellery
 p - a +6 ring of strength
Scrolls
 d - a scroll of fear {unknown}
 e - a scroll of summoning {unknown}
 g - a scroll of enchant armour {unknown}
 h - a scroll of identify {unknown}
 m - a scroll of noise {unknown}
 q - a scroll of teleportation {unknown}
Potions
 b - 2 potions of magic
 c - a potion of flight {unknown}
 i - a potion of heal wounds {unknown}
 j - a potion of invisibility {unknown}
 k - a potion of ambrosia {unknown}
 l - 2 potions of brilliance {unknown}
 n - a potion of mutation {unknown}
 o - a potion of haste {unknown}


   Skills:
 + Level 1.8 Fighting
 - Level 1.5 Dodging
 - Level 2.4 Stealth
 + Level 2.1 Unarmed Combat
 - Level 2.1 Spellcasting
 - Level 1.0 Conjurations
 - Level 3.0 Fire Magic


You had 5 spell levels left.
You knew the following spells:

 Your Spells              Type           Power      Damage    Failure   Level
a - Foxfire               Conj/Fire      28%        2x1d5     22%         1

Your spell library contained the following spells:

 Spells                   Type           Power      Damage    Failure   Level
 Scorch                   Fire           20%        2d5       22%         2
 Inner Flame              Hex/Fire       6%         N/A       63%         3
 Volatile Blastmotes      Fire/Tloc      12%        2d11      63%         3
 Flame Wave               Conj/Fire      7%         2d5       91%         4


Dungeon Overview and Level Annotations

Branches:
Dungeon (3/15)

Altars:


Innate Abilities, Weirdness & Mutations

You have extremely sharp teeth.
When hurt, damage is shared between your health and your magic reserves.
Your bite disrupts and absorbs the magic of your enemies.
Potions cannot restore your health.


Message History

The orc priest looks encouraged for a moment.
The orc misses you.
There is a stone staircase leading up here.
The orc barely misses you.
You climb upwards.
There is a stone staircase leading down, spattered with blood here.
You barely miss the orc. The orc barely misses you.
You hit the orc.
The orc is severely wounded.
The orc barely misses you.
You barely miss the orc.
The orc is severely wounded.
The orc hits you with a +0 hand axe.
You barely miss the orc. You bite the orc, but do no damage.
The orc is severely wounded.
The orc hits you with a +0 hand axe.
You hit the orc.
You kill the orc!
You see here a +0 hand axe.
You see here a +0 hand axe.
There is a stone staircase leading down, spattered with blood here.
You start resting.
Magic restored.
You climb downwards.
The orc priest invokes the aid of Beogh against you.
Beogh smites you!
The orc priest miscasts a cantrip.
There is a stone staircase leading up here.
You conjure some foxfire!
Unknown command.
There is not enough space to conjure foxfire!
Unknown command.
There is not enough space to conjure foxfire!
Unknown command.
The foxfire hits the orc priest.
The orc priest is moderately wounded.
The orc priest mumbles some strange prayers to Beogh against you.
Beogh smites you!
Ouch! That really hurt!
You die...

.....#....#########.###.#####
.................##.#.......#
.....#....######.##.#######.#
######....# #.##.# #.# ##
#....######.##.# #.#
.#####....#.........#######.#
..........................>.#
.###.######.##############..#
........# #.# #@# #..#####
.###.##.# #.# #ยง# #....... .#
#.##.###.# #.# #.###### .#
#.....)#.####o### #.# .#
####...#........# #.# .#
###.######...# #># .# #####..#
#...# #.# .####......#####.#.#
#.##
...##.....o.o....#.#######..#####


You could see an orc priest.

Vanquished Creatures
  An adder (D:2)
  3 orcs (D:1)
  4 endoplasms
  2 giant cockroaches (D:2)
  A goblin (D:1)
  2 hobgoblins
  6 jackals (D:2)
  A quokka (D:2)
  A ball python (D:2)
  2 bats
  A frilled lizard (D:2)
  3 kobolds
27 creatures vanquished.

Vanquished Creatures (others)
  10 foxfires
10 creatures vanquished.

Grand Total: 37 creatures vanquished

Notes
Turn   | Place    | Note
-------+----------+-------------------------------------------
     0 | D:1      | SnakkuSnakku7 the Vine Stalker Fire Elementalist began the
                  | quest for the Orb.
     0 | D:1      | Reached XP level 1. HP: 9/9 MP: 4/4
   793 | D:1      | Reached skill level 1 in Unarmed Combat
   793 | D:1      | Reached XP level 2. HP: 14/14 MP: 6/6
   800 | D:1      | Reached skill level 1 in Fighting
  1061 | D:2      | Reached XP level 3. HP: 15/18 MP: 4/7
  1117 | D:2      | Identified the +2 falchion "Bof Kageho" {venom, rCorr
                  | Int+6}
  1124 | D:2      | You fall into a shaft and drop 1 floor!
  1506 | D:2      | Killed from afar by an orc priest

Illustrated notes

Levels and vault maps discovered:
D:1:      dpeg_arrival_lava_temple_mockup, layout_basic
D:2:      layout_basic, uniq_jessica
D:3:      layout_basic, ebering_ghost_rock_garden

Skill      XL: |  1  2  3 |
---------------+----------+-----
Unarmed Combat | 1 2 |  2.1
Fighting       | 1 |  1.8
Dodging        | |  1.5
Stealth        | |  2.4
Spellcasting   | |  2.1
Conjurations   | |  1.0
Fire Magic     | |  3.0

Action                     || total
---------------------------++-------
  Melee: Unarmed           ||   134
         Bite              ||    33
         Punch             ||     2
   Cast: Foxfire           ||     8
   Stab: Sleeping          ||     3
 Armour: Ring mail         ||    48
         Robe              ||     1
  Dodge: Dodged            ||    67
